AoeStats
← Sanzana1

Lombardia

509235183Analyzed
2v2 RM · 7d ago on Sep 26, 2026· 56m 16s· 4 players
Game mode
Random Map
Map size
Medium (4 player)
Population
200
Speed
Normal
Resources
Standard
Victory
Conquest
Starting age
Dark Age
Ending age
Imperial Age
RankedLock teamsTeams togetherTeam positionsShared explorationLock speedFull tech treeHidden civsTurbo modeCheats
Victory
Defeat
🇨🇱 Khmer · Chile
674
+13
🇨🇱 Britons · Chile
605
+17
🇦🇷 Vikings · Argentina
616
-15
🇦🇷 Burgundians · Argentina
606
-15
Swenit
1:43 Loom
10:26 Feudal Age
10:48 Man-at-Arms
12:05 Double-Bit Axe
12:17 Town Watch
12:35 Horse Collar
12:48 Arson
21:01 Forging
20:42 Fletching
20:53 Scale Mail Armor
27:20 Castle Age
28:01 Crossbowman
29:21 Town Patrol
29:12 Long Swordsman
33:27 Iron Casting
33:08 Chain Mail Armor
34:56 Scale Barding Armor
34:46 Bodkin Arrow
34:52 Padded Archer Armor
34:27 Elite Skirmisher
39:51 Murder Holes
41:03 Squires
40:57 Guard Tower
45:31 Ballistics
53:24 Imperial Age
53:34 Pikeman
53:51 Cavalier
55:55 Elite Berserk
La sobri de jefry
5:05 Double-Bit Axe
10:15 Wheelbarrow
13:18 Feudal Age
13:01 Gold Mining
15:19 Bow Saw
18:11 Stone Mining
18:57 Gold Shaft Mining
21:08 Stone Shaft Mining
21:50 Scale Barding Armor
21:46 Padded Archer Armor
25:02 Castle Age
24:43 Hand Cart
24:35 Fletching
26:01 Husbandry
26:02 Bodkin Arrow
29:01 Chain Barding Armor
28:57 Leather Archer Armor
33:45 Cavalier
34:57 Ballistics
40:34 Imperial Age
43:29 Chemistry
51:38 Elite Coustillier
52:59 Burgundian Vineyards
Sanzana1
7:03 Loom
10:33 Feudal Age
11:49 Wheelbarrow
11:02 Double-Bit Axe
10:58 Horse Collar
11:25 Gold Mining
18:13 Stone Mining
20:56 Castle Age
23:45 Gold Shaft Mining
23:22 Bow Saw
23:13 Heavy Plow
23:21 Padded Archer Armor
22:47 Crossbowman
25:15 Hand Cart
27:49 Leather Archer Armor
32:01 Pikeman
34:12 Fletching
34:55 Bodkin Arrow
35:10 Forging
35:01 Scale Mail Armor
38:10 Imperial Age
36:29 Scale Barding Armor
37:02 Iron Casting
38:40 Yeomen
38:16 Elite Longbowman
41:36 Chemistry
40:56 Ballistics
41:33 Warwolf
45:12 Heavy Scorpion
45:29 Arbalester
46:12 Bracer
46:42 Ring Archer Armor
47:38 Halberdier
50:54 Chain Mail Armor
51:39 Blast Furnace
52:19 Plate Mail Armor
Seba013009
3:04 Loom
13:50 Feudal Age
15:11 Gold Mining
15:09 Double-Bit Axe
22:07 Man-at-Arms
28:17 Castle Age
29:12 Long Swordsman
31:21 Crossbowman
33:13 Bow Saw
36:41 Forging
36:32 Scale Mail Armor
36:37 Scale Barding Armor
40:27 Iron Casting
40:08 Chain Mail Armor
40:18 Chain Barding Armor
40:39 Gold Shaft Mining
46:38 Fletching
46:49 Padded Archer Armor
Connection lost

Rejoining the realm…

Still unreachable

The connection could not be restored.

Session expired

The server has moved on; the page needs a fresh start.